 Dungeon Crawl Stone Soup version 0.23-a0-391-g8c51ad5 (webtiles) character file.

58 Garbasso the Bolt Thrower (level 3, -9/28 HPs)
             Began as a Demonspawn Hunter on Oct 29, 2018.
             Mangled by Sigmund
             ... wielding a +0 scythe
              (12 damage)
             ... on level 2 of the Dungeon on Oct 30, 2018.
             The game lasted 00:09:37 (1932 turns).

Garbasso the Bolt Thrower (Demonspawn Hunter)       Turns: 1932, Time: 00:09:38

Health: -9/28      AC:  3    Str: 13    XL:     3   Next: 76%
Magic:  3/3        EV: 13    Int: 12    God:
Gold:   82         SH:  0    Dex: 13    Spells: 2/2 levels left

rFire    . . .     SeeInvis .   a - +1 hand crossbow
rCold    + . .     Gourm    .   (no shield)
rNeg     . . .     Faith    .   c - +0 leather armour
rPois    .         Spirit   .   (no helmet)
rElec    .         Reflect  .   (no cloak)
rCorr    .         Harm     .   (no gloves)
MR       .....                  (no boots)
Stlth    +.........             (no amulet)
HPRegen  0.09/turn              k - +1 ring of evasion
MPRegen  0.08/turn              (no ring)

@: no status effects
A: cold resistance 1
a: no special abilities


You were on level 2 of the Dungeon.
You were not hungry.

You visited 1 branch of the dungeon, and saw 2 of its levels.

You collected 82 gold pieces.

Inventory:

Hand Weapons
 a - a +1 hand crossbow (weapon)
 b - a +3 hand axe
Missiles
 d - 10 bolts (quivered)
 p - 3 silver javelins
Armour
 c - a +0 leather armour (worn)
Jewellery
 k - a +1 ring of evasion (left hand)
Scrolls
 e - 3 scrolls of identify {unknown}
 g - a scroll of random uselessness {unknown}
 h - 2 scrolls of teleportation {unknown}
 i - a scroll of magic mapping {unknown}
 n - a scroll of immolation {unknown}
Potions
 j - a potion of cancellation {unknown}
 l - a potion of mutation {unknown}
 m - a potion of curing {unknown}
 o - a potion of resistance {unknown}
Comestibles
 f - 6 rations
 q - a chunk of flesh


   Skills:
 + Level 2.8 Fighting
 * Level 4.5 Crossbows
 - Level 1.8 Dodging
 - Level 0.9 Stealth


You had 2 spell levels left.
You didn't know any spells.
Your spell library was empty.

Dungeon Overview and Level Annotations

Branches:
Dungeon (2/15)

Altars:

Annotations:
D:2 Sigmund


Innate Abilities, Weirdness & Mutations

Your flesh is cold resistant. (rC+)


Message History

You shoot a bolt. Something hits you!
Firing (i - inventory. (/) - cycle)
d - 13 bolts (quivered)
Press: ? - help, Shift-Dir - straight line You shoot a bolt.
You hear some strange, mumbled words.
Something tries to affect you, but you resist.
Firing (i - inventory. (/) - cycle)
d - 12 bolts (quivered)
Press: ? - help, Shift-Dir - straight line, f - you
Okay, then.
A puff of flame appears from out of thin air!
The puff of flame hits you!
Ouch! That really hurt!
* * * LOW HITPOINT WARNING * * *
Firing (i - inventory. (/) - cycle)
d - 12 bolts (quivered)
Press: ? - help, Shift-Dir - straight line You shoot a bolt.
Firing (i - inventory. (/) - cycle)
d - 11 bolts (quivered)
Press: ? - help, Shift-Dir - straight line You shoot a bolt.
Something hits you!
You die...

#.# #..#
#.#
#.####
##.#
#.....
#..#
#.####
#.## #.#
##(##
#.####
##.(.##
#.....
##.###.##
#..###
#@## ##.#
#.<# #[#
#(# #..#
#.# #(#
#..# ##.
(## #..#
# g# #..#
.. ##..#
##
#...###
#......
#......


There were no monsters in sight!

Vanquished Creatures
  An adder (D:1)
  2 oozes (D:1)
  2 dart slugs (D:1)
  A leopard gecko (D:1)
  3 bats (D:1)
  A giant cockroach (D:1)
  6 goblins
  6 hobgoblins
  3 kobolds
  2 quokkas (D:2)
  3 frilled lizards
  5 rats
35 creatures vanquished.

Notes
Turn   | Place    | Note
-------+----------+-------------------------------------------
     0 | D:1      | Garbasso the Demonspawn Hunter began the quest for the Orb.
     0 | D:1      | Reached XP level 1. HP: 16/16 MP: 1/1
   207 | D:1      | Gained mutation: Your flesh is cold resistant. (rC+)
                  | [demonic ancestry]
   207 | D:1      | Reached XP level 2. HP: 22/22 MP: 2/2
   276 | D:1      | Reached skill level 4 in Crossbows
   331 | D:1      | Upgraded the game from 0.23-a0-389-g4a5eb33 to
                  | 0.23-a0-391-g8c51ad5
   417 | D:1      | Reached XP level 3. HP: 28/28 MP: 3/3
  1913 | D:2      | Noticed Sigmund
  1932 | D:2      | Mangled by Sigmund

Vault maps used:
D:1:      nicolae_arrival_memento_mori
D:2:      first_ration, st_stairs_6, uniq_sigmund

Skill      XL: |  1  2 |
---------------+-------+-----
Crossbows      | 4 |  4.5
Fighting       | |  2.8
Dodging        | |  1.8
Stealth        | |  0.9

Action                   || total
-------------------------++-------
Melee: Short sword       ||    60
       Hand axe          ||    19
 Fire: Hand crossbow     ||    36
 Stab: Sleeping          ||     1
  Eat: Chunk             ||     3
Armor: Leather armour    ||    21
Dodge: Dodged            ||    60

Table legend:
 A = Non-vault XP
 B = Vault XP
 C = Vault XP percentage of total XP
 D = Non-vault monster count
 E = Vault monster count
 F = Vault count percentage of total count
                 A         B        C        D         E       F
            +---------+---------+-------+---------+---------+-------
      Total |      82 |       2 |   2.4 |      34 |       1 |   2.9
            +---------+---------+-------+---------+---------+-------
        D:1 |      67 |       0 |   0.0 |      25 |       0 |   0.0
        D:2 |      15 |       2 |  11.8 |       9 |       1 |  10.0
            +---------+---------+-------+---------+---------+-------
